 Dungeon Crawl Stone Soup version 0.28.0-43-g3370ac3207 (webtiles) character file.

Game seed: 14544033858556895140

30 pkoi the Chopper (level 3, 0/31 HPs)
             Began as a Minotaur Gladiator on Mar 18, 2022.
             Hit by a stone thrown by a kobold (1 damage)
             ... on level 2 of the Dungeon.
             The game lasted 00:00:55 (1160 turns).

pkoi the Chopper (Minotaur Gladiator)               Turns: 1160, Time: 00:00:57

Health: 0/31       AC:  4    Str: 20    XL:     3   Next: 3%
Magic:  2/2        EV: 12    Int:  5    God:
Gold:   56         SH:  0    Dex: 11    Spells: 2/2 levels left

rFire   . . .      SeeInvis .   a - +0 war axe
rCold   . . .      Faith    .   (no shield)
rNeg    . . .      Spirit   .   b - +0 leather armour
rPois   .          Reflect  .   c - +0 hat
rElec   .          Harm     .   f - +0 cloak
rCorr   .          Rampage  .   (no gloves)
Will    .....                   (no boots)
Stlth   +.........              (no amulet)
HPRegen 0.10/turn               (no ring)
MPRegen 0.08/turn               (no ring)

@: no status effects
A: horns 2, retaliatory headbutt
a: no special abilities


You were on level 2 of the Dungeon.
You visited 1 branch of the dungeon, and saw 2 of its levels.

You collected 56 gold pieces.

Inventory:

Hand Weapons
 a - a +0 war axe (weapon)
Missiles
 d - 3 throwing nets (quivered)
Armour
 b - a +0 leather armour (worn)
 c - a +0 hat (worn)
 f - a +0 cloak (worn)
Scrolls
 g - a scroll of silence {unknown}
 i - a scroll of enchant weapon {unknown}
 j - a scroll of identify {unknown}
 k - a scroll of teleportation {unknown}
Potions
 e - a potion of might {unknown}
 h - a potion of lignification {unknown}
 l - a potion of flight {unknown}


   Skills:
 + Level 3.1 Fighting
 * Level 4.7 Axes
 - Level 2.0 Throwing
 - Level 3.2 Dodging


You had 2 spell levels left.
You didn't know any spells.
Your spell library was empty.

Dungeon Overview and Level Annotations

Branches:
Dungeon (1/15)

Altars:

Shops:
D:1 :


Innate Abilities, Weirdness & Mutations

You have a pair of horns on your head.
You reflexively headbutt those who attack you in melee.


Message History

You see here a +0 dagger.
No target in view!
You now have 56 gold pieces (gained 7).
Found 5 poisoned darts.
An endoplasm, a frilled lizard and a kobold come into view.
The frilled lizard hisses angrily.
The kobold shouts!
The kobold moves out of view.
There are monsters nearby!
The kobold throws a stone.
The stone closely misses you.
There is an open door here.
A phantom comes into view.
The kobold throws a stone.
The stone hits you.
A goblin comes into view. It is wielding a +0 dagger.
The goblin shouts!
A ball python comes into view.
The goblin unwields a +0 dagger.
The goblin wields a +0 hunting sling.
The goblin shoots a sling bullet.
The sling bullet barely misses you.
The kobold throws a stone.
The stone barely misses you.
The goblin shoots a sling bullet.
The sling bullet barely misses you.
Found 11 gold pieces.
The phantom hits you!
* * * LOW HITPOINT WARNING * * *
The phantom blinks!
You blink.
Found a stone staircase leading down.
The kobold throws a stone.
The stone hits you but does no damage.
The goblin shoots a sling bullet.
The sling bullet hits you.
* * * LOW HITPOINT WARNING * * *
You are too injured to fight recklessly!
You are too injured to fight recklessly!
Unknown command.
Unknown command.
You closely miss the phantom. You headbutt the phantom!
The phantom is moderately damaged.
The phantom hits you!
* * * LOW HITPOINT WARNING * * *
The phantom blinks!
You blink.
The phantom hits you!
* * * LOW HITPOINT WARNING * * *
Unknown command.
You slash the phantom!
The phantom is heavily damaged.
The kobold throws a stone.
The stone hits you.
You die...

... #..ยง......#
.. #.....K.### .
. #.......##....
##............#
.........g..8.#
.........#....#
..........##....
.....$.....# ...
.......@W# ..
....###### >
....


You could see a phantom, a goblin and a kobold.

Vanquished Creatures
  2 dart slugs (D:1)
  7 ball pythons
  An endoplasm (D:1)
  2 goblins (D:1)
  4 hobgoblins (D:1)
  4 kobolds
  2 bats (D:1)
  A frilled lizard (D:1)
  A rat (D:1)
24 creatures vanquished.

Notes
Turn   | Place    | Note
-------+----------+-------------------------------------------
     0 | D:1      | pkoi the Minotaur Gladiator began the quest for the Orb.
     0 | D:1      | Reached XP level 1. HP: 18/18 MP: 0/0
    19 | D:1      | Found a faded altar of an unknown god.
   149 | D:1      | Found Pocyis's Book Boutique.
   154 | D:1      | Reached skill level 4 in Axes
   158 | D:1      | Reached XP level 2. HP: 20/25 MP: 1/1
  1092 | D:1      | You fall into a shaft and drop 1 floor!
  1111 | D:2      | Reached XP level 3. HP: 28/31 MP: 2/2
  1155 | D:2      | Noticed a phantom
  1159 | D:2      | HP: 1/31 [phantom (8)]
  1160 | D:2      | Hit by a stone thrown by a kobold

Illustrated notes

Levels and vault maps discovered:
D:1:      lightli_arrival_maybe_door_vault, layout_loops_ring,
          nicolae_ecumenical_snake_handling, serial_shops, shop,
          kennysheep_decorative_pillar
D:2:      cheibrodos_greedy_goblins, layout_basic, chequers_garden,
          minmay_misc_feat_alley, grunt_ministairs_12, wad_floor_pattern_1

Skill      XL: |  1  2 |
---------------+-------+-----
Axes           | 4 |  4.7
Fighting       | 3 |  3.1
Throwing       | |  2.0
Dodging        | |  3.2

Action                   || total
-------------------------++-------
Melee: War axe           ||    49
       Headbutt          ||     7
       Punch             ||     1
Armor: Leather armour    ||    16
Dodge: Dodged            ||    40
